 Dungeon Crawl Stone Soup version 0.21.1-1-g345015fe64 (webtiles) character file.

100020 Kejsarherre the Cleaver (level 16, -5/127 HPs)
             Began as a Formicid Gladiator on May 12, 2018.
             Was the Champion of Okawaru.
             Slain by Donald
             ... wielding a +0 broad axe
              (35 damage)
             ... on level 1 of the Orcish Mines.
             The game lasted 01:13:35 (28873 turns).

Kejsarherre the Cleaver (Formicid Gladiator)       Turns: 28873, Time: 01:13:35

Health: -5/127     AC: 23    Str: 24    XL:     16   Next: 78%
Magic:  20/23      EV: 17    Int: 13    God:    Okawaru [******]
Gold:   1415       SH: 12    Dex: 18    Spells: 17/25 levels left

rFire    x . .     SeeInvis +   E - +3 battleaxe (vamp)
rCold    + + +     Gourm    .   M - +0 shield
rNeg     . . .     Faith    +   X - +2 ice dragon scales
rPois    .         Spirit   .   (helmet unavailable)
rElec    .         Reflect  .   Z - scarf {repulsion}
rCorr    .         Harm     .   N - +0 pair of gloves
MR       +....                  P - +2 pair of boots {run}
Stlth    ..........             s - amulet of faith
HPRegen  1.31/turn              F - +5 ring of slaying
MPRegen  0.18/turn              r - ring "Kintu" {-Tele rC+ Str+3 Dex+4 SInv}

@: singing, regenerating, repel missiles, quick
A: permanent stasis, dig shafts and tunnels, four strong arms, antennae 3,
repulsion field 1, molten scales 1, agile 1, no potion heal 1
a: Dig, Shaft Self, Heroism, Finesse, Renounce Religion


You were on level 1 of the Orcish Mines.
You worshipped Okawaru.
Okawaru was exalted by your worship.
You were hungry.

You visited 4 branches of the dungeon, and saw 24 of its levels.
You also visited: Ice Cave and Volcano.

You collected 2064 gold pieces.
You spent 649 gold pieces at shops.

Inventory:

Hand Weapons
 a - the +8 war axe of Sharkskin {chop, rElec rF+ Str+2}
   (Okawaru gifted it to you on level 15 of the Dungeon)

   It inflicts extra damage upon your enemies.
   It affects your strength (+2).
   It protects you from fire.
   It insulates you from electricity.
 b - a +0 dire flail
 E - a +3 vampiric battleaxe (weapon)
Armour
 u - a +2 plate armour of fire resistance
 A - a +3 chain mail of fire resistance
 M - a +0 shield (worn)
 N - a +0 pair of gloves (worn)
 P - a +2 pair of boots of running (worn)
 Q - a scarf of cloud immunity
 X - +2 ice dragon scales (worn)
 Z - a scarf of repulsion (worn)
Magical Staves
 j - an uncursed staff of energy
Jewellery
 n - an uncursed amulet of magic regeneration
 r - the ring "Kintu" (right hand) {-Tele rC+ Str+3 Dex+4 SInv}
   (You found it on level 2 of the Lair of Beasts)

   [ring of protection from cold]

   It affects your strength (+3).
   It affects your dexterity (+4).
   It protects you from cold.
   It lets you see invisible.
   It prevents most forms of teleportation.
 s - an amulet of faith (around neck)
 F - a +5 ring of slaying (left hand)
Wands
 e - a wand of clouds (6)
 h - a wand of polymorph (9)
 l - a wand of disintegration (48)
 v - a wand of digging (12)
 G - a wand of enslavement (5)
 S - a wand of scattershot (3)
Scrolls
 f - 3 scrolls of magic mapping
 i - 9 scrolls of remove curse
 k - 4 scrolls of enchant weapon
 m - a scroll of brand weapon
 o - 4 scrolls of enchant armour
 w - 3 scrolls of fog
 x - 2 scrolls of amnesia
 y - a scroll of acquirement
 H - a scroll of summoning
 L - a scroll of silence
 O - a scroll of torment
 R - 3 scrolls of fear
 V - 7 scrolls of identify
Potions
 c - 2 potions of magic
 q - 5 potions of brilliance
 t - 4 potions of agility
 z - 4 potions of resistance {unknown}
 B - 3 potions of invisibility
 C - 4 potions of lignification
 D - 4 potions of curing
 I - 4 potions of flight
 J - 3 potions of might
 W - 2 potions of heal wounds
 Y - a potion of mutation
Miscellaneous
 T - a lamp of fire (inert)
Comestibles
 d - 23 rations


   Skills:
 + Level 12.0 Fighting
 - Level 14.4 Axes
 - Level 2.0 Throwing
 + Level 13.4 Armour
 + Level 7.0 Dodging
 - Level 9.0 Shields
 - Level 5.0 Spellcasting
 - Level 7.0 Hexes
 - Level 9.0 Charms
 - Level 9.0 Necromancy
 - Level 7.0 Invocations


You had 17 spell levels left.
You knew the following spells:

 Your Spells              Type           Power        Failure   Level  Hunger
a - Regeneration          Chrm/Necr      ####......   3%          3    ###....
b - Song of Slaying       Chrm           ####....     1%          2    ##.....
d - Confuse               Hex            ###.....     7%          3    ###....


Dungeon Overview and Level Annotations

Branches:
Dungeon (15/15)            Temple (1/1) D:7            Lair (6/6) D:11
 Shoals (0/4) Lair:3        Snake (0/4) Lair:2        Slime (0/5) Lair:5
    Orc (2/2) D:11         Vaults (0/5) D:14         Depths (0/5) D:15
    Elf: Orc:2

Altars:
Elyvilon
Fedhas
Hepliaklqana
Kikubaaqudgha
Makhleb
Nemelex Xobeh
Okawaru
Ru
Trog
Uskayaw
Vehumet
Wu Jian
Xom
Yredelemnul
Zin

Shops:
D:4 [   D:15 (!(:(

Annotations:
D:8 GeorgeFormbyGrill's ghost, novice MiFi
Orc:1 Donald


Innate Abilities, Weirdness & Mutations

You cannot be hasted, slowed, berserked, paralysed or teleported.
You can dig through walls and to a lower floor.
Your four strong arms can wield two-handed weapons with a shield.
You have a pair of large antennae on your head. (SInv)
You are surrounded by a mild repulsion field. (EV +2)
You are partially covered in molten scales. (AC +2)
You are agile. (Dex +2)
Potions are less effective at restoring your health.


Message History

There is a stone staircase leading down here.
Your system partially rejects the healing.
You feel much better. Donald hits you with a broad axe.
* * * LOW HITPOINT WARNING * * *
Casting: Song of Slaying
Confirm with . or Enter, or press ? or * to list all spells.
Aiming: Confuse
Press: ? - help, Shift-Dir - straight line, f - Donald
Aim: Donald, wielding a broad axe, wearing a chain mail and wearing a glowing shield (heavily wounded, fast, unusually strong, chance to defeat MR: 2%)
Okay, then.
Evoke which item? (* to show all) (? for menu, Esc to quit)
Aiming: Polymorph
Press: ? - help, Shift-Dir - straight line, f - Donald
Aim: Donald, wielding a broad axe, wearing a chain mail and wearing a glowing shield (heavily wounded, fast, unusually strong, chance to defeat MR: 1%)
Okay, then.
Unknown command.
Casting: Confuse
Confirm with . or Enter, or press ? or * to list all spells.
Your skin crawls.
Donald hits you with a broad axe!!
You die...

##...........#...#.#...##..
#######.#.......#.......##...
##.## ###...................#
#...## ##................#.##
##...####..........#.........#
######..##............###.##.#.##
...##..................####.####
#......................###...###
#...#...........@......##......##
#................@..............#
....##.#..#............##......##
#..######.....#))...........#.###
#.######.....#.)[)...........#..#
...##.###.#....[[(...............
#.##...##.............#..##.....#
#####........#........#...###....
##.##..............#..###....


You could see Donald.

Vanquished Creatures
  A dire elephant (Lair:5)
  A fire dragon (Lair:3)
  Fannar (D:11)
  Josephine (D:13)
  A yaktaur captain (D:15)
  The ghost of baraka the Cleaver, a journeyman MiBe of Trog (D:12)
  8 hydras
  Erica (D:8)
  3 centaur warriors
  2 catoblepae
  2 dancing weapons (D:14)
  6 two-headed ogres
  A merfolk avatar (Lair:6)
  A queen ant (D:11)
  5 death yaks (Lair:6)
  Urug (Lair:2)
  Sonja (D:10)
  A slime creature (D:11)
  Nergalle (D:10)
  4 unseen horrors
  A sea snake (Lair:6)
  3 orc knights
  A necromancer (IceCv)
  18 ugly things
  An orc sorcerer (D:15)
  2 oklob plants (Lair:3)
  A wolf spider (Orc:1)
  2 deep elf magi
  4 manticores
  26 elephants
  2 cyclopes (D:15)
  3 black mambas
  2 ice statues (IceCv)
  Maurice (D:8)
  A gargoyle (D:15)
  Joseph (D:10)
  An eye of devastation (Lair:5)
  7 spiny frogs
  An efreet (Volcano)
  4 kobold demonologists
  6 komodo dragons (Lair:6)
  2 yaktaurs (D:15)
  A tengu conjurer (D:13)
  5 trolls
  11 ice devils
  5 meliai
  2 wind drakes (Lair:6)
  4 polar bears
  7 hornets (Lair:6)
  9 blink frogs (Lair:5)
  Prince Ribbit (D:8)
  A meliai zombie (D:13)
  Grinder (D:5)
  10 hippogriffs
  11 redbacks
  2 shadows
  A tarantella (shapeshifter) (D:15)
  A spriggan (Lair:5)
  4 wraiths (D:13)
  46 yaks
  3 wyverns
  4 hungry ghosts
  4 basilisks
  2 fire elementals (Volcano)
  A warg (D:15)
  Menkaure (D:4)
  12 soldier ants
  An acid dragon (D:12)
  23 water moccasins
  2 hell hounds (Lair:4)
  Duvessa (D:7)
  6 porcupines
  5 ice beasts
  18 orc warriors
  An eye of draining (Lair:5)
  4 sky beasts
  10 wolves (Lair:2)
  3 necrophages
  A phantom (D:6)
  15 centaurs
  5 ogres
  13 crocodiles
  8 big kobolds
  17 bullfrogs
  A wyvern zombie (D:13)
  A water moccasin skeleton (D:8)
  Dowan (D:7)
  5 scorpions
  18 killer bees
  8 wights
  An electric eel (Lair:1)
  3 bullfrog zombies
  A howler monkey (D:8)
  8 crimson imps
  9 jellies
  2 centaur zombies
  9 hounds
  2 quasits
  A draconian simulacrum (IceCv)
  4 centaur skeletons
  12 orc priests
  2 bullfrog skeletons (D:5)
  16 orc wizards
  6 iguanas
  Ijyb (D:5)
  18 worker ants
  A spriggan simulacrum (IceCv)
  4 troll simulacra (IceCv)
  A killer bee zombie (D:6)
  The ghost of Kejsarherre the Chopper, a weakling FoGl (D:3)
  A hound zombie (D:11)
  8 gnolls
  3 naga simulacra (IceCv)
  15 adders
  An ogre simulacrum (IceCv)
  A shadow imp (D:8)
  2 oozes
  3 adder zombies
  3 worms
  5 leopard geckos
  78 orcs
  3 ball pythons
  8 bats
  3 giant cockroaches
  4 goblins
  7 hobgoblins
  7 jackals
  33 kobolds
  5 quokkas
  6 frilled lizards
  A jackal zombie (D:5)
  A leopard gecko skeleton (D:8)
  A leopard gecko zombie (D:7)
  2 quokka skeletons
  A quokka zombie (D:5)
  7 rats
  6 fungi
  4 plants
770 creatures vanquished.

Vanquished Creatures (collateral kills)
  A two-headed ogre (D:14)
  A manticore (D:14)
  2 orc wizards (D:14)
4 creatures vanquished.

Vanquished Creatures (others)
  A meliai (D:14)
  48 fungi
  13 plants
62 creatures vanquished.

Grand Total: 836 creatures vanquished

Notes
Turn   | Place    | Note
-------+----------+-------------------------------------------
     0 | D:1      | Kejsarherre the Formicid Gladiator began the quest for the Orb.
     0 | D:1      | Reached XP level 1. HP: 16/16 MP: 1/1
    97 | D:1      | Reached XP level 2. HP: 13/23 MP: 2/2
   848 | D:2      | Reached XP level 3. HP: 24/28 MP: 3/3
   889 | D:3      | Noticed Kejsarherre's ghost (weakling FoGl)
  1387 | D:3      | Reached XP level 4. HP: 32/35 MP: 4/4
  1685 | D:3      | Reached skill level 4 in Axes
  1797 | D:3      | Reached XP level 5. HP: 32/42 MP: 5/5
  2166 | D:4      | Noticed an ogre
  2179 | D:4      | Killed an ogre
  2179 | D:4      | Reached XP level 6. HP: 50/50 MP: 2/6
  2203 | D:4      | Found Syfikiec's Antique Armour Emporium.
  2207 | D:4      | Noticed an ogre
  2216 | D:4      | Killed an ogre
  2216 | D:4      | Reached skill level 5 in Fighting
  2216 | D:4      | Reached skill level 5 in Axes
  2410 | D:4      | Reached XP level 7. HP: 28/56 MP: 2/7
  2663 | D:4      | Noticed Menkaure
  2675 | D:4      | Killed Menkaure
  2898 | D:4      | Reached skill level 6 in Axes
  3063 | D:5      | Entered Level 5 of the Dungeon
  3069 | D:5      | Noticed a water moccasin
  3094 | D:5      | Killed a water moccasin
  3443 | D:5      | Noticed Ijyb
  3640 | D:5      | Killed Ijyb
  3640 | D:5      | Reached XP level 8. HP: 59/65 MP: 6/8
  4011 | D:5      | Noticed Grinder
  4029 | D:5      | Reached skill level 7 in Axes
  4036 | D:5      | Killed Grinder
  4373 | D:5      | Reached skill level 1 in Shields
  4768 | D:6      | Reached XP level 9. HP: 58/73 MP: 5/9
  4806 | D:6      | Identified Sif Muna's Guide on Toxins and Flight
  4828 | D:6      | Reached skill level 8 in Axes
  5158 | D:6      | Reached skill level 1 in Armour
  5386 | D:7      | Got a bound lapis lazuli ring
  5395 | D:7      | Identified the ring "Xomen" {Fire Str+6} (You found it on level 7 of the Dungeon)
  5401 | D:7      | Noticed a troll
  5428 | D:7      | Noticed a hippogriff
  5440 | D:7      | Killed a hippogriff
  5461 | D:7      | Killed a troll
  5690 | D:7      | Found a staircase to the Ecumenical Temple.
  5697 | Temple   | Entered the Ecumenical Temple
  5727 | Temple   | Became a worshipper of Warmaster Okawaru
  5790 | D:7      | Reached skill level 9 in Axes
  6377 | D:7      | Noticed Dowan
  6378 | D:7      | Noticed Duvessa
  6378 | D:7      | Killed Dowan
  6392 | D:7      | Killed Duvessa
  6402 | D:7      | Found a blossoming altar of Fedhas.
  7201 | D:1      | Gained mutation: Potions are less effective at restoring your health. [potion of mutation]
  7201 | D:1      | Gained mutation: You are partially covered in molten scales. (AC +2) [potion of mutation]
  7201 | D:1      | Gained mutation: You are agile. (Dex +2) [potion of mutation]
  7201 | D:1      | Gained mutation: You are surrounded by a mild repulsion field. (EV +2) [potion of mutation]
  7304 | D:1      | Reached XP level 10. HP: 82/83 MP: 10/10
  7650 | D:3      | Killed Kejsarherre's ghost
  8133 | D:8      | Reached * piety under Okawaru
  8146 | D:8      | Noticed Maurice
  8160 | D:8      | Killed Maurice
  8160 | D:8      | Reached skill level 10 in Axes
  8356 | D:8      | Noticed GeorgeFormbyGrill's ghost (novice MiFi)
  9129 | D:8      | Noticed Prince Ribbit
  9153 | D:8      | Reached ** piety under Okawaru
  9171 | D:8      | Noticed Erica
  9184 | D:8      | Killed Erica
  9184 | D:8      | Reached skill level 11 in Axes
  9344 | D:8      | Killed Prince Ribbit
  9603 | D:9      | Reached *** piety under Okawaru
  9961 | D:9      | Reached XP level 11. HP: 90/90 MP: 9/11
  9971 | D:9      | Noticed a two-headed ogre
  9979 | D:9      | Killed a two-headed ogre
  9979 | D:9      | Reached skill level 12 in Axes
 10302 | D:10     | Entered Level 10 of the Dungeon
 10357 | D:10     | Noticed Nergalle
 10364 | D:10     | Noticed a spectral orc warlord
 10376 | D:10     | Noticed a spectral orc warlord
 10378 | D:10     | Killed Nergalle
 10378 | D:10     | Reached skill level 13 in Axes
 10650 | D:10     | Noticed Joseph
 10652 | D:10     | Noticed a two-headed ogre
 10685 | D:10     | Killed Joseph
 10685 | D:10     | Reached **** piety under Okawaru
 10837 | D:10     | Killed a two-headed ogre
 11207 | D:10     | Noticed Sonja
 11215 | D:10     | Killed Sonja
 11266 | D:10     | Reached skill level 14 in Axes
 11505 | D:10     | Reached skill level 1 in Invocations
 11654 | D:11     | Reached ***** piety under Okawaru
 11654 | D:11     | Reached skill level 5 in Armour
 11926 | D:11     | Noticed a queen ant
 11940 | D:11     | Killed a queen ant
 11940 | D:11     | Reached skill level 10 in Fighting
 11940 | D:11     | Reached XP level 12. HP: 59/97 MP: 9/14
 12410 | D:11     | Found a staircase to the Lair.
 12433 | D:11     | Noticed Fannar
 12760 | D:11     | Killed Fannar
 12760 | D:11     | Reached skill level 5 in Invocations
 13148 | D:11     | Found a staircase to the Orcish Mines.
 13217 | D:11     | Noticed a catoblepas
 13240 | D:11     | Killed a catoblepas
 13417 | D:11     | Received a gift from Okawaru
 13569 | D:11     | Reached ****** piety under Okawaru
 13780 | D:12     | Noticed an unseen horror
 13789 | D:11     | Killed an unseen horror
 13836 | D:12     | Noticed an unseen horror
 13852 | D:11     | Killed an unseen horror
 14035 | D:12     | Noticed a two-headed ogre
 14303 | D:12     | Killed a two-headed ogre
 14375 | D:12     | Noticed a seven-headed hydra
 14731 | D:10     | Killed a seven-headed hydra
 14731 | D:10     | Reached XP level 13. HP: 89/104 MP: 18/18
 14937 | D:12     | Noticed baraka's ghost (journeyman MiBe)
 15440 | D:12     | Reached skill level 10 in Armour
 15537 | D:12     | Received a gift from Okawaru
 15741 | D:12     | Killed baraka's ghost
 16110 | D:13     | Received a gift from Okawaru
 16196 | D:13     | Noticed Josephine
 16222 | D:13     | Killed Josephine
 16222 | D:13     | Received a gift from Okawaru
 16588 | D:13     | Learned a level 1 spell: Confusing Touch
 16684 | D:13     | Reached skill level 1 in Hexes
 16684 | D:13     | Reached skill level 1 in Spellcasting
 17109 | D:13     | Received a gift from Okawaru
 17425 | D:14     | Received a gift from Okawaru
 17425 | D:14     | Reached XP level 14. HP: 43/111 MP: 19/19
 18007 | D:14     | Found a gate to the Vaults.
 18023 | D:14     | Reached skill level 5 in Shields
 18159 | D:14     | Reached skill level 5 in Hexes
 18590 | D:15     | Entered Level 15 of the Dungeon
 18648 | D:15     | Reached skill level 5 in Spellcasting
 18653 | D:15     | Learned a level 3 spell: Confuse
 18990 | D:15     | Found Gaxuckis's Book Shop.
 18998 | D:15     | Bought a book of Battle for 480 gold pieces
 19002 | D:15     | Learned a level 3 spell: Regeneration
 19005 | D:15     | Learned a level 2 spell: Song of Slaying
 19614 | D:15     | Found Yduneixih's Distillery.
 19623 | D:15     | Bought a potion of invisibility for 104 gold pieces
 19623 | D:15     | Bought a potion of heal wounds for 65 gold pieces
 19643 | D:15     | Received a gift from Okawaru
 19643 | D:15     | Reached skill level 1 in Charms
 19643 | D:15     | Reached skill level 1 in Necromancy
 19646 | D:15     | Got a polished war axe {god gift}
 19654 | D:15     | Identified the +8 war axe of Sharkskin {chop, rElec rF+ Str+2} (Okawaru gifted it to you on level 15 of the Dungeon)
 19663 | D:15     | Got a pair of pitted gloves
 19674 | D:15     | Identified the +2 pair of gloves of the Beekeeper {-Cast rN+ Int+2 Stlth+} (You found it on level 15 of the Dungeon)
 19912 | D:15     | Found Buicraec's Weapon Shop.
 20096 | D:15     | Found Wuga's Antique Weapon Shop.
 20146 | D:15     | Found Idehes's Antique Weapon Shop.
 20478 | D:15     | Found a staircase to the Depths.
 20619 | D:15     | Received a gift from Okawaru
 20746 | Lair:1   | Entered Level 1 of the Lair of Beasts
 20754 | Lair:1   | Reached skill level 5 in Charms
 20754 | Lair:1   | Reached skill level 5 in Necromancy
 20821 | Lair:1   | Reached XP level 15. HP: 117/117 MP: 22/22
 21884 | Lair:2   | Found a frozen archway.
 21890 | Lair:2   | Received a gift from Okawaru
 21897 | IceCv    | Entered an ice cave
 22156 | IceCv    | Received a gift from Okawaru
 22163 | IceCv    | Got a crystal hand axe {god gift}
 22165 | IceCv    | Identified the +4 hand axe of Dishonesty {freeze, rF+} (Okawaru gifted it to you in an ice cave)
 22989 | Lair:2   | Found a staircase to the Snake Pit.
 23029 | Lair:2   | Got a clouded pewter ring
 23041 | Lair:2   | Noticed Urug
 23051 | Lair:2   | Killed Urug
 23770 | Lair:3   | Found a staircase to the Shoals.
 23810 | Lair:3   | Identified a scroll of acquirement
 23811 | Lair:3   | Identified the ring "Kintu" {-Tele rC+ Str+3 Dex+4 SInv} (You found it on level 2 of the Lair of Beasts)
 23870 | Lair:3   | Found a shimmering altar of Xom.
 23950 | Lair:3   | Received a gift from Okawaru
 23967 | Lair:3   | Identified a +2 pair of boots of running (Okawaru gifted it to you on level 3 of the Lair of Beasts)
 25001 | Lair:4   | Found a dark tunnel.
 25013 | Volcano  | Entered a volcano
 25585 | Lair:5   | Found a staircase to the Slime Pits.
 26028 | Lair:5   | Reached XP level 16. HP: 111/124 MP: 23/23
 26251 | Lair:5   | Reached skill level 5 in Dodging
 26286 | Lair:5   | Received a gift from Okawaru
 26692 | Lair:6   | Entered Level 6 of the Lair of Beasts
 27064 | Lair:6   | Received a gift from Okawaru
 28242 | Orc:1    | Entered Level 1 of the Orcish Mines
 28845 | Orc:2    | Entered Level 2 of the Orcish Mines
 28848 | Orc:2    | Noticed Donald
 28863 | Orc:2    | HP: 2/127 [Donald/broad axe (35)]
 28873 | Orc:1    | Slain by Donald

Skill      XL: |  1  2  3  4  5  6  7  8  9 10 11 12 13 14 15 16 |
---------------+-------------------------------------------------+-----
Fighting       | 3 4 5 6 8 9 10 12 | 12.0
Axes           | 4 5 6 7 9 11 14 | 14.4
Shields        | 3 4 7 9 |  9.0
Armour         | 3 4 5 8 12 13 | 13.4
Invocations    | 3 7 |  7.0
Dodging        | 3 4 7 |  7.0
Hexes          | 4 7 |  7.0
Spellcasting   | 3 5 |  5.0
Charms         | 5 8 9 |  9.0
Necromancy     | 5 8 9 |  9.0
Throwing       | |  2.0

Action                   |  1- 3 |  4- 6 |  7- 9 | 10-12 | 13-15 | 16-18 || total
-------------------------+-------+-------+-------+-------+-------+-------++-------
Melee: War axe           |    80 |    86 |   440 |   113 |   557 |    58 ||  1334
       Battleaxe         |       |       |       |   543 |   465 |   414 ||  1422
       Dire flail        |       |       |       |     5 |    30 |       ||    35
Throw: Throwing net      |     3 |     2 |     7 |       |       |       ||    12
 Cast: Confusing Touch   |       |       |       |       |     1 |       ||     1
       Regeneration      |       |       |       |       |       |    10 ||    10
       Song of Slaying   |       |       |       |       |       |     1 ||     1
Invok: Heroism           |       |       |       |     3 |     2 |       ||     5
       Finesse           |       |       |       |       |     3 |       ||     3
 Abil: Dig               |       |       |       |       |    13 |     2 ||    15
Evoke: Wand              |       |       |     9 |    14 |     6 |    23 ||    52
       Lamp of fire      |       |       |       |       |       |     1 ||     1
  Use: Potion            |       |       |     7 |     4 |     6 |     2 ||    19
       Scroll            |       |       |    12 |     5 |    11 |     1 ||    29
 Stab: Held in net/web   |       |     1 |     3 |       |       |       ||     4
       Paralysed         |       |       |       |    12 |       |       ||    12
       Distracted        |       |       |       |     1 |       |       ||     1
       Invisible         |       |       |       |       |     1 |       ||     1
  Eat: Chunk             |     2 |     3 |    13 |    16 |    29 |     5 ||    68
       Ration            |       |       |     2 |     3 |     4 |     3 ||    12
Armor: Leather armour    |    21 |    23 |    18 |       |       |       ||    62
       Ring mail         |       |       |    78 |       |       |       ||    78
       Plate armour      |       |       |    43 |   346 |    68 |       ||   457
       Troll leather arm |       |       |    14 |       |       |       ||    14
       Ice dragon scales |       |       |       |       |   344 |   224 ||   568
Dodge: Dodged            |    70 |    53 |   237 |   260 |   492 |   273 ||  1385
       Deflected         |       |       |       |       |     8 |     3 ||    11
Block: Buckler           |       |       |    52 |   147 |    86 |       ||   285
       Shield            |       |       |       |       |   320 |   308 ||   628
